 Dungeon Crawl Stone Soup version 0.21-a0-552-g593960d (webtiles) character file.

60 Megalobster the Chopper (level 3, -11/33 HPs)
             Began as a Minotaur Berserker on Dec 17, 2017.
             Was a Believer of Trog.
             Mangled by a gnoll
             ... wielding a +0 halberd
              (12 damage)
             ... on level 2 of the Dungeon.
             The game lasted 00:02:10 (918 turns).

Megalobster the Chopper (Minotaur Berserker)         Turns: 918, Time: 00:02:11

Health: -11/33     AC:  2    Str: 21    XL:     3   Next: 80%
Magic:  2/2        EV: 12    Int:  5    God:    Trog [**....]
Gold:   76         SH:  0    Dex:  9    Spells: 2/2 levels left

rFire    . . .     SeeInvis .   a - +0 hand axe
rCold    . . .     Gourm    +   (no shield)
rNeg     . . .     Faith    .   b - +0 animal skin
rPois    .         Spirit   .   (helmet restricted)
rElec    .         Reflect  .   (no cloak)
rCorr    .         Harm     .   (no gloves)
MR       .....                  (no boots)
Stlth    +.........             i - amulet of the gourmand
HPRegen  0.11/turn              (no ring)
MPRegen  0.08/turn              (no ring)

@: no status effects
A: retaliatory headbutt, horns 2
a: Berserk, Trog's Hand, Burn Spellbooks, Renounce Religion


You were on level 2 of the Dungeon.
You worshipped Trog.
Trog was pleased with you.
You were very full.

You visited 1 branch of the dungeon, and saw 3 of its levels.

You collected 76 gold pieces.

Inventory:

Hand Weapons
 a - a +0 hand axe (weapon)
Missiles
 f - 8 stones (quivered)
Armour
 b - a +0 animal skin (worn)
Jewellery
 i - an amulet of the gourmand (around neck)
 m - an uncursed amulet of guardian spirit {unknown}
Scrolls
 e - 2 scrolls of noise {unknown}
 g - a scroll of amnesia {unknown}
 h - 4 scrolls of identify {unknown}
Potions
 d - a potion of might {unknown}
 j - a potion of cancellation {unknown}
 l - a potion of haste {unknown}
Comestibles
 c - 2 bread rations
 k - 3 fruits


   Skills:
 + Level 4.2 Fighting
 * Level 4.5 Axes
 + Level 3.1 Armour
 + Level 2.8 Dodging


You had 2 spell levels left.
You didn't know any spells.

Dungeon Overview and Level Annotations

Branches:
Dungeon (3/15)

Altars:

Annotations:
D:3 Squigly's ghost, amateur MiFi


Innate Abilities, Weirdness & Mutations

You reflexively headbutt those who attack you in melee.
You have a pair of horns on your head.


Message History

A gnoll comes into view. It is wielding a halberd.
Things that are here:
a whip; a gnoll corpse; a goblin corpse The gnoll shouts!
You hit the dart slug.
You kill the dart slug!
Trog accepts your kill. The gnoll hits you but does no damage.
The gnoll hits you with a halberd!
You see here a dart slug corpse.
You closely miss the gnoll. The gnoll closely misses you. The gnoll misses you.
You hit the gnoll.
The gnoll is heavily wounded.
You closely miss the gnoll. You headbutt the gnoll.
The gnoll is severely wounded.
The gnoll barely misses you. The gnoll hits you with a halberd!
* * * LOW HITPOINT WARNING * * *
You hit the gnoll.
The gnoll is almost dead.
The gnoll barely misses you. The gnoll hits you with a halberd!
You die...

#.. ### # !# #.# #.#
# #.# #g####.# ###
#.g@).## ....
######.##
##............##
......########.#.#...
#.....>..............
##.##################


You could see 2 gnolls.

Vanquished Creatures
  A gnoll (D:2)
  An ooze (D:1)
  A worm (D:2)
  2 dart slugs
  3 leopard geckos
  4 bats
  A giant cockroach (D:1)
  5 hobgoblins (D:1)
  3 jackals (D:2)
  3 frilled lizards
  5 goblins
  2 kobolds (D:1)
  5 rats
36 creatures vanquished.

Notes
Turn   | Place    | Note
-------+----------+-------------------------------------------
     0 | D:1      | Megalobster the Minotaur Berserker began the quest for the Orb.
     0 | D:1      | Reached XP level 1. HP: 19/19 MP: 0/0
    63 | D:1      | Reached XP level 2. HP: 27/27 MP: 1/1
   518 | D:1      | Reached XP level 3. HP: 32/33 MP: 2/2
   830 | D:2      | Reached ** piety under Trog
   887 | D:2      | You fall through a shaft!
   887 | D:3      | Noticed Squigly's ghost (amateur MiFi)
   917 | D:2      | HP: 1/33 [gnoll/halberd (11)]
   918 | D:2      | Mangled by a gnoll

Vault maps used:
D:1:      minmay_arrival_four_circles
D:2:      first_bread

Skill      XL: |  1  2  3 |
---------------+----------+-----
Axes           | 4 |  4.5
Fighting       | 4 |  4.2
Armour         | 3 |  3.1
Dodging        | |  2.8

Action                   || total
-------------------------++-------
Melee: Hand axe          ||    77
       Headbutt          ||    12
  Eat: Chunk             ||    12
Armor: Animal skin       ||    15
Dodge: Dodged            ||    47

Table legend:
 A = Spawn XP
 B = Non-spawn XP
 C = Spawn XP percentage of total XP
 D = Spawn monster count
 E = Non-spawn monster count
 F = Spawn count percentage of total count
 G = Total turns spent on level
                    A         B        C        D         E        F      G
               +---------+---------+-------+---------+---------+-------+---------
         Total |       0 |      86 |   0.0 |       0 |      36 |   0.0 |   918
               +---------+---------+-------+---------+---------+-------+---------
           D:1 |       0 |      45 |   0.0 |       0 |      23 |   0.0 |   647
           D:2 |       0 |      41 |   0.0 |       0 |      13 |   0.0 |   266
               +---------+---------+-------+---------+---------+-------+---------
